 Dungeon Crawl Stone Soup version 0.29-a0-91-gdebf4667c2 (webtiles) character file.

Game seed: 8278423067608392213

37 HarryDiapers the Skirmisher (level 3, -1/34 HPs)
             Began as a Hill Orc Fighter on Feb 8, 2022.
             Killed by nerve-wracking pain
             ... invoked by a shadow imp
             ... summoned by Natasha
              (11 damage)
             ... on level 2 of the Dungeon.
             The game lasted 00:08:49 (782 turns).

HarryDiapers the Skirmisher (Hill Orc Fighter)       Turns: 782, Time: 00:08:51

Health: -1/34      AC:  6    Str: 20    XL:     3   Next: 41%
Magic:  3/3        EV:  9    Int:  8    God:
Gold:   55         SH:  4    Dex: 10    Spells: 2/2 levels left

rFire   + . .      SeeInvis .   a - +0 long sword
rCold   . . .      Faith    .   c - +0 buckler
rNeg    . . .      Spirit   .   b - +0 scale mail
rPois   .          Reflect  .   (no helmet)
rElec   .          Harm     .   (no cloak)
rCorr   .          Rampage  .   (no gloves)
Will    .....                   (no boots)
Stlth   ..........              (no amulet)
HPRegen 0.11/turn               k - ring of protection from fire
MPRegen 0.08/turn               (no ring)

@: mighty
A: no striking features
a: no special abilities


You were on level 2 of the Dungeon.
You visited 1 branch of the dungeon, and saw 2 of its levels.

You collected 55 gold pieces.

Inventory:

Hand Weapons
 a - a +0 long sword (weapon)
 g - a +0 dagger
Missiles
 f - 28 stones (quivered)
Armour
 b - a +0 scale mail (worn)
 c - a +0 buckler (worn)
 j - a +0 robe
 l - a +0 leather armour
Jewellery
 k - a ring of protection from fire (left hand)
Scrolls
 e - a scroll of enchant armour {unknown}
 i - a scroll of fear {unknown}


   Skills:
 + Level 4.3 Fighting
 + Level 2.6 Long Blades
 + Level 3.6 Armour
 + Level 0.1 Dodging
 + Level 3.6 Shields


You had 2 spell levels left.
You didn't know any spells.
Your spell library was empty.

Dungeon Overview and Level Annotations

Branches:
Dungeon (2/15)

Altars:

Annotations:
D:2 Natasha


Message History

The shadow imp hits you but does no damage.
Natasha closely misses you. The shadow imp hits you.
You closely miss Natasha.
Natasha is moderately wounded.
Natasha mumbles some strange words.
You block the shadow imp's attack. Natasha claws you.
The shadow imp hits you but does no damage.
You slash Natasha!
Natasha is almost dead.
Natasha claws you! The shadow imp gestures at you.
Pain shoots through your body!
* * * LOW HITPOINT WARNING * * *
You block Natasha's attack.
Natasha wildly gestures.
Natasha's front paws start to glow.
The shadow imp hits you.
* * * LOW HITPOINT WARNING * * *
Natasha wildly gestures.
Natasha shimmers violently.
It was a potion of curing.
You feel better.
The shadow imp hits you but does no damage. x2
You feel very mighty all of a sudden. The shadow imp barely misses you.
Natasha casts a spell.
You barely miss the shadow imp.
The shadow imp disappears in a puff of smoke!
The shadow imp closely misses you.
You slash the shadow imp!
The shadow imp is almost dead.
The shadow imp closely misses you.
Natasha casts a spell.
The shadow imp hits you but does no damage.
You closely miss the shadow imp.
The shadow imp is almost dead.
You feel yourself speed up.
The shadow imp hits you but does no damage.
The shadow imp gestures at you. Pain shoots through your body!
You die...

#.# #..†...<........
# #$#
#.########...... .
#.# #. ##....#
#.##.###.# #†##.#
#.#...##.# ###.##.#
.......<
######......#
#...###
#.......†...#
#5######.####.#.####
#h5@.....# #.#.#
########## #.#.#
#.#.# #.#.# #.#.#
#.#..


You could see Natasha and 2 shadow imps.

Vanquished Creatures
  A dart slug (D:2)
  An orc (D:2)
  3 bats (D:1)
  3 endoplasms (D:1)
  A giant cockroach (D:1)
  2 hobgoblins
  3 quokkas
  5 ball pythons
  A frilled lizard (D:1)
  7 goblins (D:1)
  3 kobolds (D:1)
  2 rats (D:1)
32 creatures vanquished.

Notes
Turn   | Place    | Note
-------+----------+-------------------------------------------
     0 | D:1      | HarryDiapers the Hill Orc Fighter began the quest for the
                  | Orb.
     0 | D:1      | Reached XP level 1. HP: 19/19 MP: 1/1
   110 | D:1      | Reached XP level 2. HP: 27/27 MP: 2/2
   161 | D:1      | Reached skill level 4 in Fighting
   466 | D:1      | Reached XP level 3. HP: 33/33 MP: 3/3
   764 | D:2      | Noticed Natasha
   782 | D:2      | Killed from afar by a shadow imp

Illustrated notes

Levels and vault maps discovered:
D:1:      shiori_arrival_oz, layout_rooms
D:2:      layout_loops_ring, uniq_natasha, uniq_crazy_yiuf_cottage

Skill      XL: |  1  2 |
---------------+-------+-----
Fighting       | 4 |  4.3
Long Blades    | |  2.6
Armour         | |  3.6
Dodging        | |  0.1
Shields        | |  3.6

Action                   || total
-------------------------++-------
Melee: Long sword        ||    81
  Use: Potion            ||     2
Armor: Scale mail        ||    48
Dodge: Dodged            ||    56
Block: Buckler           ||    25

Table legend: (Time is in decaauts)
 A = Elapsed time spent in this place.
 B = Non-inter-level travel time spent in this place.
 C = Inter-level travel time spent in this place.
 D = Time resting spent in this place.
 E = Time spent auto-exploring this place.
 F = Levels seen in this place.
 G = Mean time per level.
                   A        B        C        D        E       F      G
               +--------+--------+--------+--------+--------+-----+--------+
         Total |    812 |    812 |      0 |      0 |      0 |   2 |  406.0 |
       Dungeon |    812 |    812 |      0 |      0 |      0 |   2 |  406.0 |
               +--------+--------+--------+--------+--------+-----+--------+

Top non-repeatable levels by time:
     D:1: 670 daAuts
     D:2: 142 daAuts
